 Dungeon Crawl Stone Soup version 0.24-a0-307-gf989941 (webtiles) character file.

Game seed: 2278881096078292372

104 Espgualade the Chiller (level 4, -1/24 HPs)
             Began as a Tengu Ice Elementalist on May 12, 2019.
             Slain by a worker ant (4 damage)
             ... on level 3 of the Dungeon.
             The game lasted 00:05:57 (2707 turns).

Espgualade the Chiller (Tengu Ice Elementalist)     Turns: 2707, Time: 00:05:58

Health: -1/24      AC:  2    Str:  9    XL:     4   Next: 80%
Magic:  8/8        EV: 14    Int: 16    God:
Gold:   152        SH:  0    Dex: 14    Spells: 1/7 levels left

rFire    . . .     SeeInvis .   k - +2 dagger (flame)
rCold    . . .     Gourm    .   (no shield)
rNeg     . . .     Faith    .   a - +0 robe
rPois    .         Spirit   .   (helmet restricted)
rElec    .         Reflect  .   (no cloak)
rCorr    .         Harm     .   (no gloves)
MR       .....                  (boots unavailable)
Stlth    ++........             (no amulet)
HPRegen  0.08/turn              (no ring)
MPRegen  0.11/turn              (no ring)

@: lethally poisoned (-1 -> -8)
A: beak, talons 3
a: no special abilities


You were on level 3 of the Dungeon.
You were not hungry.

You visited 1 branch of the dungeon, and saw 4 of its levels.

You collected 152 gold pieces.

Inventory:

Hand Weapons
 k - a +2 dagger of flaming (weapon)
Armour
 a - a +0 robe (worn)
Jewellery
 j - an uncursed amulet of harm
Scrolls
 d - a scroll of enchant weapon {unknown}
 e - 3 scrolls of remove curse
 g - a scroll of immolation
 h - a scroll of amnesia {unknown}
 i - 2 scrolls of teleportation
 l - a scroll of identify
Potions
 f - 3 potions of mutation
 m - a potion of cancellation
Comestibles
 c - 7 rations


   Skills:
 + Level 3.6 Dodging
 - Level 2.0 Stealth
 - Level 2.0 Spellcasting
 - Level 1.3 Conjurations
 - Level 4.2 Ice Magic


You had one spell level left.
You knew the following spells:

 Your Spells              Type           Power        Failure   Level  Hunger
a - Freeze                Ice            ###.         3%          1    #......
b - Throw Frost           Conj/Ice       ##....       10%         2    ###....
c - Ozocubu's Armour      Chrm/Ice       #.......     26%         3    ###....

Your spell library contained the following spells:

 Spells                   Type           Power        Failure   Level  Hunger
 Throw Icicle             Conj/Ice       ##......     54%         4    #####..
 Summon Ice Beast         Ice/Summ       #.......     65%         4    #####..


Dungeon Overview and Level Annotations

Branches:
Dungeon (4/15)
 Temple: D:4-7

Altars:
Ru

Annotations:
D:4 Natasha


Innate Abilities, Weirdness & Mutations

You have a beak for a mouth.
You have claws for feet.


Message History

The worker ant bites you.
* * * LOW HITPOINT WARNING * * *
You feel better. The worker ant bites you!
You are lethally poisoned!
The worker ant poisons you!
You closely miss the worker ant.
* * * LOW HITPOINT WARNING * * *
You feel sick. The worker ant closely misses you.
You hit the worker ant. You burn the worker ant.
The worker ant is moderately wounded.
* * * LOW HITPOINT WARNING * * *
You feel sick. The worker ant bites you.
* * * LOW HITPOINT WARNING * * *
The worker ant closely misses you.
You hit the worker ant but do no damage.
You claw the worker ant.
The worker ant is moderately wounded.
* * * LOW HITPOINT WARNING * * *
You feel sick. The worker ant bites you.
You die...

#############
##.....#.....##
##.............##
#...............###
#.................#
#................##
#...............##
####.....a.........#
#.......@..........#
#...............).##
#.(..............##
#........#..######
#..........## #
#........÷## #
#..........###### #
#..........÷....######
#
##.....##.####.......#
#


You could see a worker ant.

Vanquished Creatures
  2 adders (D:3)
  3 worms
  2 dart slugs
  An orc (D:3)
  18 bats
  3 giant cockroaches
  5 goblins
  11 hobgoblins
  5 jackals
  2 ball pythons
  2 frilled lizards
  6 kobolds
  9 rats
69 creatures vanquished.

Notes
Turn   | Place    | Note
-------+----------+-------------------------------------------
     0 | D:1      | Espgualade the Tengu Ice Elementalist began the quest for
                  | the Orb.
     0 | D:1      | Reached XP level 1. HP: 10/10 MP: 4/4
    58 | D:1      | Reached skill level 3 in Ice Magic
   128 | D:1      | Reached XP level 2. HP: 13/15 MP: 6/6
   914 | D:1      | Reached XP level 3. HP: 17/19 MP: 7/7
  1003 | D:1      | Learned a level 2 spell: Throw Frost
  1007 | D:1      | Learned a level 3 spell: Ozocubu's Armour
  1065 | D:2      | Found a sacrificial altar of Ru.
  1340 | D:2      | Reached skill level 4 in Ice Magic
  1624 | D:2      | Reached XP level 4. HP: 23/24 MP: 8/8
  2699 | D:4      | Noticed Natasha
  2707 | D:3      | Slain by a worker ant

Levels and vault maps discovered:
D:1:      lightli_arrival_windingriver, layout_basic, minmay_misc_feat_diagonals
D:2:      layout_basic, first_ration, grunt_decor_arrowhead,
          nicolae_ru_the_path_less_chosen
D:3:      layout_rooms
D:4:      layout_rooms, grunt_gozag_statues, uniq_natasha

Skill      XL: |  1  2  3  4 |
---------------+-------------+-----
Ice Magic      | 3 4 |  4.2
Dodging        | 3 |  3.6
Stealth        | |  2.0
Spellcasting   | |  2.0
Conjurations   | |  1.3

Action                   |  1- 3 |  4- 6 || total
-------------------------+-------+-------++-------
Melee: Dagger            |   101 |    56 ||   157
       Kick              |    16 |    12 ||    28
       Peck              |     8 |     7 ||    15
 Cast: Freeze            |    19 |     6 ||    25
  Use: Scroll            |     2 |     3 ||     5
       Potion            |     3 |     1 ||     4
 Stab: Sleeping          |     7 |       ||     7
  Eat: Chunk             |     3 |     3 ||     6
Armor: Robe              |    31 |    11 ||    42
Dodge: Dodged            |    76 |    36 ||   112

Table legend:
 A = Non-vault XP
 B = Vault XP
 C = Vault XP percentage of total XP
 D = Non-vault monster count
 E = Vault monster count
 F = Vault count percentage of total count
                 A         B        C        D         E       F
            +---------+---------+-------+---------+---------+-------
      Total |     149 |       0 |   0.0 |      69 |       0 |   0.0
            +---------+---------+-------+---------+---------+-------
        D:1 |      37 |       0 |   0.0 |      23 |       0 |   0.0
        D:2 |      52 |       0 |   0.0 |      26 |       0 |   0.0
        D:3 |      60 |       0 |   0.0 |      20 |       0 |   0.0
            +---------+---------+-------+---------+---------+-------
